 Dungeon Crawl Stone Soup version 0.30.0-15-g856e2d3f33 (webtiles) character file.

Game seed: 1620080585890341069

36 hawla the Firebug (level 3, 0/26 HPs)
             Began as a Meteoran Fire Elementalist on May 19, 2023.
             Slain by a gnoll
             ... wielding a +0 whip
              (4 damage)
             ... on level 3 of the Dungeon.
             The game lasted 00:02:29 (232 turns).

hawla the Firebug (Meteoran Fire Elementalist)       Turns: 232, Time: 00:02:31

Health: 0/26       AC:  2    Str:  9    XL:     3   Next: 82%
Magic:  6/8        EV: 13    Int: 18    God:
Gold:   15         SH:  0    Dex: 15    Spells: 5/8 levels left

rFire   . . .        d - +7 Throatcutter {drain, coup de grace}
rCold   . . .        (no shield)
rNeg    . . .        a - +0 robe
rPois   .            (no helmet)
rElec   .            (no cloak)
rCorr   .            (no gloves)
SInv    .            (no boots)
Will    .....        (no amulet)
Stlth   +            (no ring)
HPRegen 0.24/turn    (no ring)
MPRegen 0.11/turn

%: no passive effects
@: glowing
A: sense surroundings 1, otherworldly, glowing, explore regen
a: no special abilities


You were on level 3 of the Dungeon.
You visited 1 branch of the dungeon, and saw 3 of its levels.

You collected 15 gold pieces.

Inventory:

Hand Weapons
 c - a +0 dagger of draining
 d - the +7 Throatcutter (weapon) {drain, coup de grace}
   (You found it on level 3 of the Dungeon)
Armour
 a - a +0 robe (worn)
Potions
 b - a potion of magic


   Skills:
 + Level 2.8 Dodging
 - Level 1.4 Stealth
 + Level 3.2 Spellcasting
 + Level 1.4 Conjurations
 + Level 4.6 Fire Magic


You had 5 spell levels left.
You knew the following spells:

 Your Spells              Type           Power      Damage    Failure   Level
a - Foxfire               Conj/Fire      52%        2x1d6     4%          1
b - Scorch                Fire           38%        2d6       3%          2

Your spell library contained the following spells:

 Spells                   Type           Power      Damage    Failure   Level
 Inner Flame              Hex/Fire       11%        N/A       19%         3
 Volatile Blastmotes      Fire/Tloc      22%        2d11      19%         3
 Flame Wave               Conj/Fire      13%        2d6       41%         4


Dungeon Overview and Level Annotations

Branches:
Dungeon (3/15) Zot: 1568

Altars:
Ashenzari

Shops:
D:3 [


Innate Abilities, Weirdness & Mutations

You passively map a small area around you.
You are easily found by Zot.
You glow in the dark.
You regain HP and MP as you explore.


Message History

The gnoll is moderately wounded.
The gnoll misses you.
Casting: Scorch (safe; 3% risk of failure)
Confirm with . or Enter, or press ? or * to list all spells.
You conjure some foxfire!
The gnoll hits you from afar with a +0 spear!
Casting: Foxfire (safe; 4% risk of failure)
Confirm with . or Enter, or press ? or * to list all spells.
Flames lash the gnoll.
The gnoll is burned terribly!
You kill the gnoll!
The foxfire hits the gnoll but does no damage.
The foxfire hits the gnoll.
The gnoll is lightly wounded.
The gnoll hits you from afar with a +0 spear.
Casting: Scorch (safe; 3% risk of failure)
Confirm with . or Enter, or press ? or * to list all spells.
You conjure some foxfire!
The gnoll hits you from afar with a +0 spear!
* * * LOW HITPOINT WARNING * * *
The foxfire hits the gnoll.
The gnoll is lightly wounded.
The foxfire hits the gnoll.
The gnoll is heavily wounded.
Found Agefec's Armour Shop.
The gnoll closely misses you. The gnoll attacks as you move away!
The gnoll hits you with a +0 whip.
* * * LOW HITPOINT WARNING * * *
As you read the scroll labelled ERCHUH JAETTOHU, it crumbles to dust.
Your body is wracked with pain!
* * * LOW HITPOINT WARNING * * *
The gnoll convulses! x3; It was a scroll of torment.
The gnoll misses you.
Unknown command.
Casting: Foxfire (safe; 4% risk of failure)
Confirm with . or Enter, or press ? or * to list all spells.
Flames lash the gnoll.
You kill the gnoll!
The gnoll hits you from afar with a +0 spear.
* * * LOW HITPOINT WARNING * * *
The gnoll hits you with a +0 whip.
You die...

, * , * *, *###
, * * ..#♣♣♣* ,
, , , , #.#♣∩♣*
* , , , #.#♣.♣
, * ,#.#♣.♣ , *
*
#####)#♣.♣###*
#.@gg.......#
** , *
#.###.##....#,,
* * #.
#.##....# , ..
#.##....# , * ,
* ### #..+....#
.. , ,.#
####.†..+ * #.
#.# #...)#
#)####.# ##.#.#
,* #......#
#.#.#


You could see 2 gnolls.

Vanquished Creatures
  2 gnolls (D:3)
  2 adders (D:3)
  2 hobgoblins (D:3)
  2 frilled lizards
  3 kobolds (D:3)
  A rat (D:3)
12 creatures vanquished.

Vanquished Creatures (others)
  27 foxfires
27 creatures vanquished.

Grand Total: 39 creatures vanquished

Notes
Turn   | Place    | Note
-------+----------+-------------------------------------------
     0 | D:1      | hawla the Meteoran Fire Elementalist began the quest for
                  | the Orb.
     0 | D:1      | Reached XP level 1. HP: 14/14 MP: 5/5
    72 | D:3      | Reached skill level 4 in Fire Magic
    72 | D:3      | Reached XP level 2. HP: 20/20 MP: 3/6
    75 | D:3      | Learned a level 2 spell: Scorch
   137 | D:3      | Found a broken altar of Ashenzari.
   159 | D:3      | Reached XP level 3. HP: 25/26 MP: 3/8
   185 | D:3      | Found the +7 Throatcutter {drain, coup de grace}
   223 | D:3      | Found Agefec's Armour Shop.
   232 | D:3      | Slain by a gnoll

Illustrated notes

Levels and vault maps discovered:
D:1:      minmay_arrival_five_plusses, layout_loops_ring,
          hellmonk_ecumenical_altar_run_dry, minmay_gold_behind_fungi,
          minmay_pentomino_o2
D:2:      layout_loops_corners, serial_shops, nicolae_square_shop
D:3:      layout_basic, mainiacjoe_overflow_paths, serial_shops,
          nicolae_shop_peninsula

Skill      XL: |  1  2 |
---------------+-------+-----
Fire Magic     | 4 |  4.6
Spellcasting   | 3 |  3.2
Dodging        | |  2.8
Stealth        | |  1.4
Conjurations   | |  1.4

Action                     || total
---------------------------++-------
  Melee: Dagger            ||     1
   Cast: Foxfire           ||    15
         Scorch            ||     4
    Use: Scroll            ||     1
 Armour: Robe              ||     1
  Dodge: Dodged            ||     3
